 Seeded DCSS version 0.30-a0-626-gd6a5dd7a1f (webtiles) character file.

Game seed: 3901094715573708078 (custom seed)

24136 hikkokomori the Blocker (level 13, -2/108 HPs)
             Began as a Formicid Fighter on Jan 11, 2023.
             Was a Priest of Qazlal.
             Slain by Sonja
             ... wielding a +2 short sword of distortion
              (25 damage)
             ... on level 1 of the Lair of Beasts on Jan 12, 2023.
             The game lasted 00:42:04 (12959 turns).

hikkokomori the Blocker (Formicid Fighter)         Turns: 12959, Time: 00:42:05

Health: -2/108     AC: 24    Str: 39 (40) XL:     13   Next: 40%
Magic:  19/19      EV:  8    Int:  6      God:    Qazlal [***...]
Gold:   269        SH: 20    Dex:  9      Spells: 7/12 levels left

rFire   + + .      SeeInvis +    O - +4 battleaxe
rCold   + . .      Faith    .    U - +0 kite shield
rNeg    . . .      Spirit   .    I - +1 plate armour
rPois   .          Reflect  +    (helmet unavailable)
rElec   .          Harm     .    B - scarf {rC+ rF+}
rCorr   .          Rampage  .    S - +1 pair of gloves
Will    +....                    y - +0 pair of boots Stlth
                                 s - amulet of reflection
HPRegen 0.00/turn                r - +4 ring of protection
MPRegen 0.16/turn                d - +6 ring of strength

@: sick, studying 2 skills
A: permanent stasis, dig shafts and tunnels, antennae 3, four strong arms,
clumsy 1, deterioration 1, fire resistance 1, strong 2
a: Dig, Shaft Self, Renounce Religion, Upheaval, Elemental Force


You were on level 1 of the Lair of Beasts.
You worshipped Qazlal.
Qazlal was most pleased with you.
You visited 3 branches of the dungeon, and saw 13 of its levels.
You visited the Abyss 1 time.

You collected 534 gold pieces.
You spent 265 gold pieces at shops.

Inventory:

Hand Weapons
 a - a +0 war axe of flaming
 A - a +4 scimitar of flaming
 O - a +4 battleaxe (weapon)
 Q - a +2 heavy war axe
 R - a +2 antimagic whip
 V - a +0 giant spiked club
Missiles
 e - 8 curare-tipped darts
 D - 7 javelins (quivered)
 F - a boomerang
 G - a throwing net
Armour
 b - a +0 scale mail
 c - a +0 buckler
 y - a +0 pair of boots (worn)
 B - a scarf of resistance (worn)
 E - a +1 leather armour of fire resistance
 H - a +2 leather armour of fire resistance
 I - a +1 plate armour (worn)
 J - a +2 robe of the Archmagi
 S - a +1 pair of gloves (worn)
 U - a +0 kite shield (worn)
 W - +0 fire dragon scales
Jewellery
 d - a +6 ring of strength (right hand)
 h - an amulet of guardian spirit
 i - a ring of positive energy
 j - an amulet of faith
 l - a ring of fire
 m - a ring of wizardry
 r - a +4 ring of protection (left hand)
 s - an amulet of reflection (around neck)
 K - a +4 ring of protection
Wands
 f - a wand of mindburst (5)
 t - a wand of flame (17)
 v - a wand of roots (7)
 C - a wand of light (13)
 P - a wand of polymorph (12)
Scrolls
 k - a scroll of fog
 n - 8 scrolls of identify
 o - 2 scrolls of enchant armour
 p - a scroll of fear
 q - 2 scrolls of poison
 u - 2 scrolls of magic mapping
 w - 2 scrolls of enchant weapon
 X - 2 scrolls of amnesia
Potions
 g - 2 potions of mutation
 x - 2 potions of resistance
 z - 3 potions of magic
 L - 3 potions of curing
 M - 2 potions of flight


   Skills:
 - Level 12.2 Fighting
 + Level 12.5 Axes
 - Level 6.2 Throwing
 - Level 11.5 Armour
 + Level 13.5 Shields
 + Level 9.3 Invocations


You had 7 spell levels left.
You knew the following spells:

 Your Spells              Type           Power      Damage    Failure   Level
a - Blade Hands           Tmut           0%         N/A       100%        5

Your spell library contained the following spells:

 Spells                   Type           Power      Damage    Failure   Level
 Apportation              Tloc           0%         N/A       98%         1
 Kiss of Death            Conj/Necr      0%         2d5       98%         1
 Magic Dart               Conj           0%         1d3       98%         1
 Necrotise                Necr           0%         1d4       98%         1
 Summon Small Mammal      Summ           0%         N/A       98%         1
 Call Imp                 Summ           0%         N/A       99%         2
 Cigotuvi's Dreadful Rot  Necr/Pois/Air  0%         N/A       99%         2
 Confusing Touch          Hex            0%         N/A       100%        3
 Mephitic Cloud           Conj/Pois/Air  0%         N/A       100%        3
 Portal Projectile        Hex/Tloc       0%         N/A       100%        3
 Tukima's Dance           Hex            0%         N/A       100%        3
 Dispel Undead            Necr           0%         3d6       100%        4
 Death Channel            Necr           0%         N/A       100%        6


Dungeon Overview and Level Annotations

Branches:
Dungeon (10/15)            Temple (1/1) D:4            Lair (2/5) D:10
 Spider (0/4) Lair:2
  Swamp: Lair:2-3    Shoals: Lair:2-3       Orc: D:9-12

Altars:
Ashenzari
Cheibriados
Dithmenos
Elyvilon
Fedhas
Gozag
Hepliaklqana
Kikubaaqudgha
Makhleb
Nemelex Xobeh
Okawaru
Qazlal
Ru
Sif Muna
Trog
Uskayaw
Vehumet
Wu Jian
Xom
Yredelemnul
Zin
The Shining One

Shops:
D:1 :   D:4 (   D:9 !

Annotations:
Lair:1 Sonja


Innate Abilities, Weirdness & Mutations

You cannot be hasted, slowed, berserked, paralysed or teleported.
You can dig through walls and to a lower floor.
You have a pair of large antennae on your head. (SInv)
Your four strong arms can wield two-handed weapons with a shield.
You are clumsy. (Dex -2)
Your body sometimes deteriorates upon taking damage.
Your flesh is heat resistant. (rF+)
Your muscles are very strong. (Str +8, Int/Dex -2)


Message History

The substance of the Abyss twists violently, and a gateway leading out appears!
The basilisk changes into a blink frog!
Your limbs are stiffening.
There is a gateway leading out of the Abyss here.
Press: ? - help, v - describe, . - travel A gateway leading out of the Abyss.
There is a cloud of translocational energy here.
Unknown command.
You block the blink frog's attack.
You have turned to stone.
You stop descending the stairs.
The blink frog hits you but does no damage.
The blink frog hits you! The blink frog hits you.
The blink frog hits you but does no damage. x2
The blink frog hits you but does no damage.
The blink frog hits you.
The blink frog hits you but does no damage. x3
You turn to flesh and can move again.
Unknown command.
Unknown command.
The blink frog barely misses you. The blink frog hits you!
You pass through the gate.
Welcome back to the Lair of Beasts!
Level annotation: Sonja You block the cane toad's attack.
You block Sonja's attack. Sonja hits you but does no damage.
You block Sonja's attack.
The cane toad stings you but does no damage.
The blink frog attacks as you move away!
The blink frog hits you! The cane toad closely misses you.
Sonja attacks as you move away! You block Sonja's attack. x2
Sonja hits you but does no damage. Space warps horribly around you!
* * * LOW HITPOINT WARNING * * *
The cane toad attacks as you move away! The cane toad closely misses you.
Sonja twirls her cape.
You block Sonja's attack. Sonja hits you but does no damage. x2
Are you sure you want to shaft yourself?
You block Sonja's attack. x3
You begin to dig a shaft.
You continue digging a shaft.
You block Sonja's attack. Sonja hits you but does no damage.
Space warps horribly around you!!
You die...

....... { #.## #....
....... ##..## ##...
....... ##....## ##..
....... #......## ##.
....... #.......## ##
....... #.....<..# #
......÷## #........## #
.P..?.÷F### ##........####
###..#FFK@###..........##.
# ####...##.........##.
##...##...........
###...#......#..#
###.......#...P
#......P..P## ##........##
#####..### #P.#


You could see 2 cane toads, a blink frog shaped shifter and Sonja.

Vanquished Creatures
  A tentacled starspawn (Abyss:2)
  Gastronok (D:8)
  A jiangshi (Abyss:2)
  A fire dragon (D:9)
  Erica (D:8)
  A centaur warrior (D:10)
  A boulder beetle (D:9)
  A two-headed ogre (D:9)
  Pikel (D:8)
  A lindwurm (Lair:2)
  An oklob plant (Lair:2)
  A black mamba (Lair:2)
  An apocalypse crab (Abyss:2)
  2 smoke demons (Abyss:2)
  An unseen horror (D:7)
  4 komodo dragons
  A rime drake (Lair:2)
  A kobold demonologist (Abyss:2)
  4 cane toads
  An ancient zyme (Abyss:2)
  A meliai (Lair:2)
  2 hornets
  A polar bear (Lair:2)
  Prince Ribbit (D:6)
  Sigmund (D:3)
  3 wyverns
  2 wraiths
  19 yaks
  A shadow (Abyss:2)
  2 ynoxinuls (Abyss:2)
  Eustachio (D:4)
  2 neqoxecs (Abyss:2)
  Menkaure (D:7)
  4 large abominations (Abyss:2)
  2 acid dragons
  5 water moccasins
  3 ice beasts
  4 orc warriors
  3 sky beasts
  3 ogres
  8 wolves
  3 centaurs
  4 kobold brigands
  The ghost of hikkokomori the Conjurer, an amateur OpCj (D:3)
  7 bullfrogs
  2 gnoll sergeants
  A necrophage (D:4)
  A scorpion (D:4)
  19 wights
  3 small abominations (Abyss:2)
  8 killer bees
  3 howler monkeys
  4 hounds
  A jelly (D:4)
  2 orc priests
  A gnoll bouda (D:8)
  Crazy Yiuf (D:7)
  2 iguanas
  12 orc wizards
  17 gnolls
  5 adders
  A white imp (D:5)
  A worm (D:3)
  2 dart slugs (D:1)
  22 orcs
  5 ball pythons
  6 endoplasms
  2 giant cockroaches (D:1)
  5 goblins
  10 hobgoblins
  17 kobolds
  4 quokkas
  3 training dummies (D:4)
  5 bats
  2 frilled lizards
  3 rats
  A starspawn tentacle (Abyss:2)
282 creatures vanquished.

Vanquished Creatures (others)
  11 fungi
  A plant (Lair:2)
  3 starspawn tentacles (Abyss:2)
15 creatures vanquished.

Grand Total: 297 creatures vanquished

Notes
Turn   | Place    | Note
-------+----------+-------------------------------------------
     0 | D:1      | hikkokomori the Formicid Fighter began the quest for the
                  | Orb.
     0 | D:1      | Reached XP level 1. HP: 18/18 MP: 1/1
   220 | D:1      | Reached XP level 2. HP: 24/24 MP: 2/2
   559 | D:1      | Reached XP level 3. HP: 29/29 MP: 3/3
   562 | D:1      | Found Ryappux's Vocational Training.
  1478 | D:3      | Noticed Sigmund
  1629 | D:3      | Reached XP level 4. HP: 36/37 MP: 4/4
  1906 | D:3      | Found a transporter.
  1906 | D:3      | Noticed hikkokomori's ghost (amateur OpCj)
  1911 | D:3      | Found a transporter.
  1935 | D:3      | Killed Sigmund
  1936 | D:3      | Reached skill level 5 in Shields
  1936 | D:3      | Reached XP level 5. HP: 43/43 MP: 5/5
  1936 | D:3      | Reached XP level 6. HP: 49/49 MP: 6/6
  1961 | D:3      | Killed hikkokomori's ghost
  2495 | D:4      | Identified 2 scrolls of acquirement
  2495 | D:4      | Acquired a manual of Shields
  2517 | D:4      | Reached XP level 7. HP: 36/55 MP: 3/7
  2529 | D:4      | Reached skill level 6 in Shields
  2529 | D:4      | Acquired a manual of Armour
  2531 | D:4      | Upgraded the game from 0.30-a0-622-gddc90eaa04 to
                  | 0.30-a0-626-gd6a5dd7a1f
  2565 | D:4      | Reached skill level 5 in Fighting
  2565 | D:4      | Reached skill level 5 in Armour
  2621 | D:4      | Found Nozamucil's Firing Range.
  2683 | D:4      | Bought 3 javelins for 33 gold pieces
  2683 | D:4      | Bought 6 javelins for 67 gold pieces
  2931 | D:4      | Noticed Eustachio
  2961 | D:4      | Killed Eustachio
  3103 | D:4      | Reached skill level 5 in Axes
  3103 | D:4      | Reached XP level 8. HP: 54/64 MP: 6/8
  3118 | D:4      | Found a staircase to the Ecumenical Temple.
  3127 | Temple   | Entered the Ecumenical Temple
  3133 | Temple   | Became a worshipper of Qazlal Stormbringer
  3348 | D:5      | Entered Level 5 of the Dungeon
  3840 | D:5      | Noticed a hornet
  4072 | D:6      | Noticed Prince Ribbit
  4263 | D:6      | Killed Prince Ribbit
  4264 | D:6      | Reached XP level 9. HP: 51/72 MP: 7/9
  4293 | D:6      | Reached skill level 1 in Throwing
  4528 | D:6      | HP: 1/74 [gnoll sergeant/+0 spear (6)]
  4993 | D:6      | Identified the +0 hat "Bosolahi" {-Tele rC++}
  5065 | D:6      | Reached * piety under Qazlal
  5219 | D:7      | Noticed Menkaure
  5224 | D:7      | Killed Menkaure
  5239 | D:7      | Noticed a hornet
  5245 | D:7      | Killed a hornet
  5540 | D:7      | Noticed an unseen horror
  5551 | D:7      | Killed an unseen horror
  5552 | D:7      | Reached XP level 10. HP: 83/83 MP: 10/10
  5943 | D:7      | Found a runed translucent door.
  5944 | D:7      | Noticed Crazy Yiuf
  6229 | D:7      | Killed Crazy Yiuf
  6765 | D:8      | Reached skill level 10 in Fighting
  6767 | D:8      | Reached ** piety under Qazlal
  6859 | D:8      | Noticed Pikel
  6867 | D:8      | Killed Pikel
  6868 | D:8      | Reached skill level 1 in Invocations
  6951 | D:8      | Noticed Erica
  6964 | D:8      | Killed Erica
  6965 | D:8      | Reached skill level 10 in Armour
  6965 | D:8      | Reached XP level 11. HP: 68/92 MP: 12/12
  7073 | D:8      | Learned a level 5 spell: Blade Hands
  7134 | D:8      | Noticed Gastronok
  7147 | D:8      | Killed Gastronok
  7148 | D:8      | Reached skill level 5 in Throwing
  7644 | D:9      | Identified the +1 robe of the Hurricane {rPois rF+++ Int-3
                  | Dex-3}
  7717 | D:9      | Reached skill level 10 in Axes
  7825 | D:9      | Found Ajer's Distillery.
  7830 | D:9      | Bought a potion of curing for 45 gold pieces
  7830 | D:9      | Bought a potion of heal wounds for 75 gold pieces
  7830 | D:9      | Bought a potion of flight for 45 gold pieces
  7907 | D:9      | Reached *** piety under Qazlal
  8491 | D:9      | Noticed a boulder beetle
  8508 | D:9      | Killed a boulder beetle
  8697 | D:9      | Noticed a two-headed ogre
  8697 | D:9      | Noticed a fire dragon
  8706 | D:9      | You fall into a shaft and drop 1 floor!
  8706 | D:10     | Entered Level 10 of the Dungeon
  9065 | D:10     | Reached XP level 12. HP: 83/102 MP: 15/15
  9460 | D:10     | Noticed a centaur warrior
  9466 | D:10     | Killed a centaur warrior
  9760 | D:10     | Found a staircase to the Lair.
  9977 | D:9      | Found an opulent altar of Gozag.
  9977 | D:9      | Found an ornate altar of the Wu Jian Council.
 10263 | D:9      | Killed a two-headed ogre
 10264 | D:9      | Reached skill level 5 in Invocations
 10476 | D:9      | Killed a fire dragon
 10668 | D:9      | Reached skill level 7 in Shields
 10751 | Lair:1   | Entered Level 1 of the Lair of Beasts
 10758 | Lair:1   | You fall into a shaft and drop 1 floor!
 10800 | Lair:2   | Reached skill level 8 in Shields
 10835 | Lair:2   | Reached skill level 9 in Shields
 11018 | Lair:2   | Found a hole to the Spider Nest.
 11411 | Lair:2   | Reached skill level 10 in Shields
 12536 | Lair:1   | Reached skill level 11 in Shields
 12543 | Lair:1   | Reached XP level 13. HP: 108/108 MP: 18/18
 12600 | Lair:1   | Noticed Sonja
 12607 | Abyss:2  | Cast into level 2 of the Abyss (Sonja)
 12608 | Abyss:2  | Found a corrupted altar of Lugonu.
 12729 | Abyss:2  | Found a corrupted altar of Lugonu.
 12764 | Abyss:2  | Gained mutation: You are clumsy. (Dex -2) [a neqoxec]
 12765 | Abyss:2  | Gained mutation: Your muscles are strong. (Str +4, Int/Dex
                  | -1) [a neqoxec]
 12776 | Abyss:2  | Gained mutation: Your flesh is heat resistant. (rF+) [a
                  | neqoxec]
 12783 | Abyss:2  | Noticed a tentacled starspawn
 12798 | Abyss:2  | Killed a tentacled starspawn
 12799 | Abyss:2  | Reached skill level 12 in Shields
 12803 | Abyss:2  | Noticed a jiangshi
 12812 | Abyss:2  | Killed a jiangshi
 12847 | Abyss:2  | HP: 1/108 [smoke demon/divine providence (12)]
 12849 | Abyss:2  | Noticed a starcursed mass
 12875 | Abyss:2  | Reached skill level 13 in Shields
 12901 | Abyss:2  | Gained mutation: Your muscles are very strong. (Str +8,
                  | Int/Dex -2) [a neqoxec]
 12902 | Abyss:2  | Gained mutation: Your body sometimes deteriorates upon
                  | taking damage. [a neqoxec]
 12955 | Lair:1   | Escaped the Abyss
 12959 | Lair:1   | Slain by Sonja

Illustrated notes

Levels and vault maps discovered:
D:1:      lemuel_arrival_hallway, layout_loops_ring, roderic_serpentine_path,
          nicolae_shop_vocational
D:2:      layout_loops_cross, serial_bayou_ford_a, minmay_cut_off
D:3:      layout_loops_ring, gammafunk_ghost_arena, uniq_sigmund
D:4:      layout_basic, minmay_temple_entry_wispy, cheibrodos_sewer_entry_bend,
          nicolae_shop_firing_range, uniq_eustachio
D:5:      layout_basic, lightli_corner_chamber
D:6:      layout_cave_pools, uniq_prince_ribbit1
D:7:      layout_basic, kennysheep_cross_room, uniq_menkaure,
          uniq_crazy_yiuf_cottage
D:8:      layout_cave_pools, nicolae_sextant, kennysheep_nondescript,
          grunt_ministairs_9, bh_walls_and_bars, uniq_pikel, uniq_erica,
          uniq_gastronok
D:9:      nzn_winding_woodlands_three_and_one [nzn_winding_woodlands_5x15_pool,
          nzn_winding_woodlands_5x15_twine,
          nzn_winding_woodlands_5x15_longhouse,
          nzn_winding_woodlands_center_lodge], layout_basic,
          nicolae_overflow_hidden_temple, serial_shops, nicolae_stop_n_shop_1
D:10:     gammafunk_indiana_jones, layout_basic
Temple:   nicolae_temple_bog_church
Lair:1:   layout_cave_pods, grunt_megastairs_5, uniq_sonja, uniq_joseph
Lair:2:   layout_small_grid, hellmonk_spider_entry_not_the_bees,
          infiniplex_staircase_pool_2

Skill      XL: |  1  2  3  4  5  6  7  8  9 10 11 12 13 |
---------------+----------------------------------------+-----
Fighting       | 4 6 7 9 10 11 12 | 12.2
Axes           | 3 5 6 8 9 10 11 12 | 12.5
Armour         | 4 5 6 8 10 11 | 11.5
Shields        | 5 6 11 13 | 13.5
Throwing       | 3 4 5 6 |  6.2
Invocations    | 2 4 7 9 |  9.3

Action                   |  1- 3 |  4- 6 |  7- 9 | 10-12 | 13-15 || total
-------------------------+-------+-------+-------+-------+-------++-------
Melee: War axe           |    93 |    55 |   252 |   317 |       ||   717
       Battleaxe         |       |       |       |   134 |    78 ||   212
Throw: Javelin           |       |       |    25 |    17 |       ||    42
       Boomerang         |       |       |     2 |       |       ||     2
       Throwing net      |       |       |     1 |       |       ||     1
       Dart              |       |       |       |     1 |       ||     1
Invok: Upheaval          |       |       |       |     8 |     2 ||    10
       Elemental Force   |       |       |       |     1 |       ||     1
 Abil: Dig               |       |       |     2 |     2 |     2 ||     6
       Shaft Self        |       |       |       |     1 |     1 ||     2
Evoke: Wand              |       |       |       |       |     3 ||     3
  Use: Scroll            |     3 |     2 |    14 |     4 |       ||    23
       Potion            |       |     1 |     7 |     4 |     3 ||    15
 Stab: Invisible         |       |       |     1 |     2 |     1 ||     4
       Held in net/web   |       |       |     1 |       |       ||     1
Armor: Scale mail        |    44 |    29 |    98 |       |       ||   171
       Plate armour      |       |       |    48 |   190 |    37 ||   275
       Robe              |       |       |       |     4 |       ||     4
Dodge: Dodged            |    38 |    32 |   122 |   117 |    18 ||   327
Block: Buckler           |    21 |    18 |   112 |   242 |       ||   393
       Reflection        |       |       |       |    16 |       ||    16
       Kite shield       |       |       |       |   145 |    78 ||   223

Table legend: (Time is in decaauts)
 A = Elapsed time spent in this place.
 B = Non-inter-level travel time spent in this place.
 C = Inter-level travel time spent in this place.
 D = Time resting spent in this place.
 E = Time spent auto-exploring this place.
 F = Levels seen in this place.
 G = Mean time per level.
                   A        B        C        D        E       F      G
               +--------+--------+--------+--------+--------+-----+--------+
         Total |  13188 |  12182 |   1006 |   1207 |   8251 |  14 |  942.0 |
       Dungeon |  10742 |   9763 |    979 |    860 |   6717 |  10 | 1074.2 |
        Temple |    193 |    178 |     15 |      0 |    158 |   1 |  193.0 |
          Lair |   1891 |   1880 |     11 |    332 |   1279 |   2 |  945.5 |
         Abyss |    361 |    361 |      0 |     15 |     96 |   1 |  361.0 |
               +--------+--------+--------+--------+--------+-----+--------+

Top non-repeatable levels by time:
     D:9: 1702 daAuts
  Lair:2: 1682 daAuts
     D:7: 1587 daAuts
    D:10: 1357 daAuts
     D:6: 991 daAuts
     D:8: 966 daAuts
     D:3: 944 daAuts
     D:5: 874 daAuts
     D:1: 860 daAuts
     D:2: 754 daAuts
     D:4: 703 daAuts
 Abyss:2: 361 daAuts
  Lair:1: 209 daAuts
  Temple: 193 daAuts
